[Event "*** SCC Grand Prix: Titled Tuesday Blitz"]
[Site "Chess.com"]
[Date "2020.08.25"]
[Round "4"]
[White "salimalamri2020"]
[Black "marcocordeiro2013"]
[Result "0-1"]
[WhiteElo "2014"]
[BlackElo "2226"]
[TimeControl "180+1"]
[EndTime "10:38:58 PDT"]
[Termination "marcocordeiro2013 won by resignation"]

1. e4 Nf6 2. e5 Nd5 3. Nf3 d6 4. d4 Bg4 5. Be2 e6 6. O-O Be7 7.
c4 Nb6 8. exd6 cxd6 9. Nc3 d5 10.
c5 N6d7 11. Bf4 Nc6 12. a3 O-O 13. b4 Bf6 14. Ne5 Bxe2 15. Nxe2 Ncxe5 16. dxe5 Nxe5 17. Nd4 Nc4 18. Ra2 e5 19. Nf5 exf4 20. Qg4 Be5 21. Re1 Qf6 22. Rae2 g6 23. Nh6+ Kg7 24. Qh3 Bc3 25.
Ng4 Qf5 26. Qh6+ Kg8 0-1

[Event "*** SCC Grand Prix: Titled Tuesday Blitz"]
[Site "Chess.com"]
[Date "2020.08.25"]
[Round "4"]
[White "Hikaru"]
[Black "crescentmoon2411"]
[Result "1-0"]
[WhiteElo "3220"]
[BlackElo "2766"]
[TimeControl "180+1"]
[EndTime "10:38:59 PDT"]
[Termination "Hikaru won by resignation"]

1. Nf3 Nf6 2. b3 d5 3. Bb2 Nbd7 4. e3 g6 5. c4 c6 6. d4 Bg7 7. Bd3 O-O 8. O-O b6 9. Nbd2 Bb7 10. b4 a5 11. a3 axb4 12. axb4 dxc4 13. Bxc4 c5 14. Qb3 cxd4 15. Nxd4 Ne5 16. Be2 Qd5 17. Qxd5 Nxd5 18. b5 Nd7 19. Bf3 e6 20. Nc4 Ne5 21. Bxd5 Rxa1 22.
Rxa1 Bxd5 23. Nxb6 Nc4 24. Nxd5 exd5 25. Bc3 Rb8 26. h4 h5 27. Ra6 Kh7 28. Ra7 Kg8 29. Rd7 Na3 30. Rxd5 Bxd4 31. Bxd4 Nxb5 32. Be5 1-0

[Event "*** SCC Grand Prix: Titled Tuesday Blitz"]
[Site "Chess.com"]
[Date "2020.08.25"]
[Round "4"]
[White "SaqoChess_Twitch"]
[Black "labdalla"]
[Result "1-0"]
[WhiteElo "2434"]
[BlackElo "2237"]
[TimeControl "180+1"]
[EndTime "10:38:59 PDT"]
[Termination "SaqoChess_Twitch won by resignation"]

1. d4 Nf6 2. c4 e6 3. Nc3 c5 4. d5 exd5 5. cxd5 Bd6 6. Nf3 O-O 7. g3 Bc7 8. Bg2 d6 9. O-O a6 10. a4 Re8 11. Nd2 Nbd7 12. Nc4 Ne5 13. Na3 Rb8 14. h3 Ba5 15. f4 Ng6 16. Nc4 Bxc3 17. bxc3 b5 18. axb5 axb5 19. Na5 Bd7 20. Nc6 Bxc6 21. dxc6 d5 22. g4 Nh4 23. Bh1 Ne4 24. Qe1 h5 25. Ra7 Qb6 26. Rxf7 Kxf7 27. Qxh4 c4+ 28. Kh2 hxg4 29. Qh5+ Kg8 30. Qxd5+ Kh8 31. Bxe4 g6 32. hxg4 Rbd8 33. Qf7 Rxe4 34. Kg3 Re3+ 35. Bxe3 Qxe3+ 36. Rf3 Qg1+ 37. Kh4 Qh2+ 38. Rh3 Qf2+ 39. Kg5+ 1-0

[Event "*** SCC Grand Prix: Titled Tuesday Blitz"]
[Site "Chess.com"]
[Date "2020.08.25"]
[Round "4"]
[White "FedaMaster"]
[Black "icychess54"]
[Result "1-0"]
[WhiteElo "2437"]
[BlackElo "2241"]
[TimeControl "180+1"]
[EndTime "10:39:01 PDT"]
[Termination "FedaMaster won on time"]

1. e4 c5 2. d4 cxd4 3. c3 Nf6 4. e5 Nd5 5. Nf3 Nc6 6. Bc4 Nb6 7. Bb3 d6 8. exd6 Qxd6 9. Na3 dxc3 10. Qe2 Nd4 11. Nxd4 Qxd4 12. Nb5 cxb2 13. Bxb2 Qb4+ 14. Bc3 Qc5 15.
Bd4 Qb4+ 16. Kf1 Bd7 17. Nc7+ Kd8 18. Bxb6 axb6 19. Nxa8 Bb5 20. Rd1+ Kc8 21. Nxb6+ Kb8 22. Nc4 e6 23. Rd8+ Ka7 24. Kg1 e5 25. h4 e4 26.
Qxe4 f5 27. Qe2 h5 28. Rh3 1-0

[Event "*** SCC Grand Prix: Titled Tuesday Blitz"]
[Site "Chess.com"]
[Date "2020.08.25"]
[Round "4"]
[White "catalin009"]
[Black "Panterov"]
[Result "1-0"]
[WhiteElo "2368"]
[BlackElo "1991"]
[TimeControl "180+1"]
[EndTime "10:39:04 PDT"]
[Termination "catalin009 won by resignation"]

1. e4 e6 2. d4 d5 3. Bd3 c5 4. exd5 Qxd5 5. Nc3 Qxd4 6. Nf3 Qg4 7. Nb5 Na6 8. h3 Qxg2 9. Rh2 Qxh2 10. Nxh2 Bd7 11.
Bf4 Nf6 12. Ng4 Nd5 13. Bg3 Be7 14. Ne5 Bc8 15. Qf3 O-O 16. O-O-O Nab4 17. Bc4 a6 18. Nc3 Nf6 19. Rg1 Ra7 20. a3 b5 21. axb4 bxc4 22. Nc6 Rd7 23. Nxe7+ Rxe7 24. Qxf6 gxf6 25. Be5+ 1-0

[Event "*** SCC Grand Prix: Titled Tuesday Blitz"]
[Site "Chess.com"]
[Date "2020.08.25"]
[Round "4"]
[White "Yana_pro"]
[Black "Ausbildung"]
[Result "0-1"]
[WhiteElo "2076"]
[BlackElo "2263"]
[TimeControl "180+1"]
[EndTime "10:39:05 PDT"]
[Termination "Ausbildung won by resignation"]

1. Nf3 g6 2. g3 Bg7 3. Bg2 d6 4. d3 c6 5. O-O Nd7 6. Nbd2 e5 7. e3 f5 8. Re1 Ngf6 9. c4 O-O 10. Rb1 a5 11. a3 a4 12. b4 axb3 13. Nxb3 Rf7 14. d4 Qf8 15. c5 e4 16. Ng5 Re7 17.
cxd6 Re8 18. Nc5 Qxd6 19. Qb3+ Nd5 20. Nxd7 Bxd7 21. Bd2 b5 22. Bb4 Qf6 23. h4 h6 24. Nh3 g5 25. Bf1 Kh7 26. Bxb5 Nxb4 27. hxg5 hxg5 28. Qxb4 cxb5 29. Kg2 Kg6 30. Rh1 0-1

[Event "*** SCC Grand Prix: Titled Tuesday Blitz"]
[Site "Chess.com"]
[Date "2020.08.25"]
[Round "4"]
[White "Rytenko_V"]
[Black "AvitalBor"]
[Result "0-1"]
[WhiteElo "2503"]
[BlackElo "2824"]
[TimeControl "180+1"]
[EndTime "10:39:10 PDT"]
[Termination "AvitalBor won by resignation"]

1. Nf3 d5 2. c4 e6 3. e3 Nf6 4. b3 c5 5. Bb2 Nc6 6. Be2 d4 7. exd4 cxd4 8. d3 Bc5 9. O-O O-O 10. a3 a5 11. Nbd2 e5 12. Re1 Re8 13. Qc2 h6 14. Bf1 Bf5 15. Ne4 Nxe4 16. dxe4 Be6 17. Red1 Qe7 18. Ne1 b6 19. Nd3 Rf8 20. Be2 f5 21. Bf3 f4 22. Qe2 Qd7 23. h3 Rf6 24. Bh5 Bd6 25.
Rac1 Bc5 26. Kh2 Raf8 27. Bg4 f3 28. Bxf3 Bxh3 29. Bh5 Be6 30. b4 axb4 31. axb4 Nxb4 32. Nxe5 Qd6 33. f4 Rxf4 34. g3 Rf2+ 0-1

[Event "*** SCC Grand Prix: Titled Tuesday Blitz"]
[Site "Chess.com"]
[Date "2020.08.25"]
[Round "4"]
[White "PauloCesarCosta_sad"]
[Black "catzapto"]
[Result "1-0"]
[WhiteElo "2274"]
[BlackElo "2048"]
[TimeControl "180+1"]
[EndTime "10:39:10 PDT"]
[Termination "PauloCesarCosta_sad won by checkmate"]

1. Nf3 c5 2. c4 Nf6 3. g3 Nc6 4. Bg2 g6 5. d4 cxd4 6. Nxd4 Bg7 7. O-O Nxd4 8. Qxd4 O-O 9. Nc3 d6 10. Qd3 Rb8 11. Be3 b6 12. Bd4 Bb7 13. Rfd1 Bxg2 14. Kxg2 Qd7 15. e4 Rbc8 16. Rac1 Ne8 17. Bxg7 Nxg7 18. f3 Ne6 19. e5 Ng5 20. exd6 Qh3+ 21. Kg1 exd6 22. f4 Ne6 23. Ne4 Nc5 24. Nf6+ Kg7 25.
Qc3 Na4 26. Ne8+ Kg8 27. Qg7# 1-0

[Event "*** SCC Grand Prix: Titled Tuesday Blitz"]
[Site "Chess.com"]
[Date "2020.08.25"]
[Round "4"]
[White "tk22h"]
[Black "TwentyHoursADay"]
[Result "0-1"]
[WhiteElo "2294"]
[BlackElo "2478"]
[TimeControl "180+1"]
[EndTime "10:39:11 PDT"]
[Termination "TwentyHoursADay won by checkmate"]

1. c4 b6 2. Nf3 Bb7 3. Nc3 Nf6 4. g3 h5 5. h4 c5 6. Bg2 e6 7. b3 a6 8. Bb2 Qc7 9. O-O Ng4 10. d4 cxd4 11.
Nxd4 Bxg2 12. Kxg2 Nc6 13. Rc1 Bc5 14. Ne4 Be7 15.
Nf3 f6 16. Qd3 Nb4 17. Qd2 Nxa2 18. Bxf6 gxf6 19. Qxa2 Rg8 20. Qd2 Qc6 21. Qd3 f5 22. Ned2 f4 23. Qe4 fxg3 24. Qxc6 dxc6 25. fxg3 Ne3+ 26.
Kh3 Nxf1 27. Nxf1 O-O-O 28. N1d2 Rg4 29. Ra1 a5 30. Nf1 Bc5 31. Ne5 Re4 32. Nxc6 Rf8 33. b4 Kc7 34. bxc5 Kxc6 35. cxb6 Kxb6 36. Nd2 Rxe2 37. Nb3 Rff2 38. g4 Re3# 0-1

[Event "*** SCC Grand Prix: Titled Tuesday Blitz"]
[Site "Chess.com"]
[Date "2020.08.25"]
[Round "4"]
[White "Margarita2907"]
[Black "TomasKapitanchuk"]
[Result "0-1"]
[WhiteElo "2097"]
[BlackElo "2387"]
[TimeControl "180+1"]
[EndTime "10:39:11 PDT"]
[Termination "TomasKapitanchuk won by resignation"]

1. e4 c5 2. Nf3 e6 3. d4 cxd4 4. Nxd4 Nc6 5. Nc3 Qc7 6. Be2 Nf6 7. O-O Be7 8. Be3 O-O 9. Kh1 d6 10. f4 Nxd4 11. Bxd4 e5 12. Be3 exf4 13. Bxf4 Be6 14. Qe1 Nd7 15. Qg3 Ne5 16. Rad1 a6 17. Bd3 g6 18.
Nd5 Bxd5 19. exd5 Bf6 20. Bh6 Bg7 21. Bxg7 Kxg7 22. Qf4 f5 23. b3 Rae8 24. c4 Qc5 25. Bc2 Ng4 26. Rf3 Re5 27. h3 Ne3 28. Rc1 Rfe8 29. Rf2 Nxc2 30. Rfxc2 Re1+ 31. Kh2 Qg1+ 32. Kg3 R8e3+ 33. Kh4 Re4 0-1

[Event "*** SCC Grand Prix: Titled Tuesday Blitz"]
[Site "Chess.com"]
[Date "2020.08.25"]
[Round "4"]
[White "Carnivoras"]
[Black "Schachmalanders"]
[Result "1-0"]
[WhiteElo "2655"]
[BlackElo "2340"]
[TimeControl "180+1"]
[EndTime "10:39:15 PDT"]
[Termination "Carnivoras won by resignation"]

1. d4 d5 2. c4 e6 3. Nf3 c6 4. e3 f5 5. Nc3 Nf6 6. Bd3 Bd6 7. O-O O-O 8. b3 b6 9. Bb2 Bb7 10. Ne5 Nbd7 11. f4 Ne4 12. Qe2 Ndf6 13. Rac1 Rc8 14. Rc2 Qe7 15. Rfc1 Kh8 16. cxd5 exd5 17.
Ba6 c5 18. Bd3 Rg8 19. Nb5 Bb8 20. dxc5 bxc5 21. Ba3 a6 22. Nd4 Bxe5 23. Nxf5 Qe6 24. fxe5 Qxe5 25. Qf3 Rgf8 26. Bb2 Qe6 27. Bxe4 dxe4 28.
Qh3 Rfd8 29. Rf2 Rf8 30. Qg3 Nh5 31. Bxg7+ Kg8 32. Qg4 Rxf5 33. Bb2+ 1-0

[Event "*** SCC Grand Prix: Titled Tuesday Blitz"]
[Site "Chess.com"]
[Date "2020.08.25"]
[Round "4"]
[White "VladimirBugayev"]
[Black "Chamal_Gedgafov"]
[Result "1-0"]
[WhiteElo "2299"]
[BlackElo "2111"]
[TimeControl "180+1"]
[EndTime "10:39:15 PDT"]
[Termination "VladimirBugayev won by checkmate"]

1. e4 c5 2. c3 e6 3. d4 d5 4. exd5 exd5 5. Nf3 Nf6 6. Bb5+ Nc6 7. O-O cxd4 8.
Nxd4 Bd7 9. Re1+ Be7 10. Qe2 Kf8 11. Nxc6 bxc6 12. Bd3 h6 13. h3 g6 14. Bf4 Be6 15.
Bxg6 Bd6 16. Bxd6+ Qxd6 17. Bd3 c5 18. Nd2 Re8 19.
Qf3 Kg7 20. Nf1 d4 21. c4 Bd7 22. Ng3 Kf8 23. Nf5 Qc6 24. Rxe8+ Bxe8 25. Qf4 h5 26. Re1 Bd7 27. Nd6 Rg8 28. g3 Ne8 29. Qxf7# 1-0

[Event "*** SCC Grand Prix: Titled Tuesday Blitz"]
[Site "Chess.com"]
[Date "2020.08.25"]
[Round "4"]
[White "Natalya_Buksa"]
[Black "YIYUKI"]
[Result "1-0"]
[WhiteElo "2493"]
[BlackElo "2301"]
[TimeControl "180+1"]
[EndTime "10:39:17 PDT"]
[Termination "Natalya_Buksa won by resignation"]

1. d4 Nf6 2. Nc3 c5 3. dxc5 e6 4. Nf3 Bxc5 5. e4 d6 6. Be2 O-O 7. O-O a6 8. Bg5 h6 9. Bh4 Nc6 10. Qd2 e5 11. Nd5 g5 12. Nxf6+ Qxf6 13. Bg3 Be6 14.
c3 Rad8 15. c4 a5 16. Rfd1 Kh7 17. a3 Rg8 18. Ne1 g4 19. Nc2 h5 20. b4 axb4 21.
axb4 Bd4 22. h4 gxh3 23. Ra3 hxg2 24. Nxd4 Nxd4 25. Bxh5 Bg4 26. Bxg4 Rxg4 27. Kxg2 Rdg8 28. Rh1+ Kg7 29. c5 d5 30. exd5 e4 31. d6 Nf5 32. Qe2 Kf8 33. Ra8+ Kg7 34. Qxg4+ 1-0

[Event "*** SCC Grand Prix: Titled Tuesday Blitz"]
[Site "Chess.com"]
[Date "2020.08.25"]
[Round "4"]
[White "Chessdemon2019"]
[Black "MoreChessJulia"]
[Result "1-0"]
[WhiteElo "2357"]
[BlackElo "1885"]
[TimeControl "180+1"]
[EndTime "10:39:20 PDT"]
[Termination "Chessdemon2019 won by resignation"]

1. e4 c5 2. Nf3 d6 3. d4 cxd4 4.
Nxd4 Nf6 5. f3 a6 6. c4 Nc6 7. Be3 g6 8. Nc3 Bg7 9. Be2 Be6 10. Nxe6 fxe6 11. O-O e5 12. Nd5 Nxd5 13. cxd5 Nd4 14.
Qd2 O-O 15. Rac1 Rc8 16. Rc3 Qd7 17. Rfc1 Rxc3 18. bxc3 Nb5 19. a4 Nc7 20. Ra1 Rc8 21. Qb2 Ne8 22. c4 Rb8 23. a5 Qd8 24. c5 dxc5 25.
Bxc5 Nd6 26. Qb6 Qxb6 27. Bxb6 Rc8 28. Bd3 Bh6 29. Kf2 Bc1 30. Ke2 Bb2 31. Rb1 Bd4 32.
Bxd4 exd4 33. e5 Nb5 34. Bxb5 axb5 35. Rxb5 Rd8 36. Kd3 Ra8 37. Kxd4 Kf7 38. Kc5 Ke8 39. Kb6 Kd7 40. Kxb7 1-0

[Event "*** SCC Grand Prix: Titled Tuesday Blitz"]
[Site "Chess.com"]
[Date "2020.08.25"]
[Round "4"]
[White "serhanberat_ozdemir"]
[Black "giantslayer83"]
[Result "0-1"]
[WhiteElo "2491"]
[BlackElo "2721"]
[TimeControl "180+1"]
[EndTime "10:39:21 PDT"]
[Termination "giantslayer83 won by resignation"]

1. e4 c6 2. d4 d5 3. exd5 cxd5 4. c4 Nf6 5. Nc3 g6 6. Nf3 Bg7 7. Bd3 O-O 8. h3 dxc4 9. Bxc4 b6 10. O-O Bb7 11.
Be3 Nc6 12. Ne5 Rc8 13. Bb3 Nb4 14. Rc1 e6 15. Qd2 Nbd5 16. Bg5 Nxc3 17. bxc3 Ne4 18. Bxd8 Nxd2 19. Be7 Rfe8 20. Bd6 Nxf1 21. Kxf1 Bh6 22. Rc2 Be4 23. Re2 Bb7 24. c4 Red8 25. c5 bxc5 26. dxc5 Rxd6 27. cxd6 Rc1+ 28. Re1 Ba6+ 29. Nc4 Bxc4+ 30. Bxc4 Rxc4 31. Rd1 Rc1 32. Rxc1 Bxc1 33. d7 Bg5 34. f4 Bd8 0-1

[Event "*** SCC Grand Prix: Titled Tuesday Blitz"]
[Site "Chess.com"]
[Date "2020.08.25"]
[Round "4"]
[White "Kaua18"]
[Black "Gurvich_Vitaly"]
[Result "0-1"]
[WhiteElo "2407"]
[BlackElo "2593"]
[TimeControl "180+1"]
[EndTime "10:39:25 PDT"]
[Termination "Gurvich_Vitaly won by resignation"]

1. e4 c5 2. Nf3 Nc6 3. d4 cxd4 4.
Nxd4 e5 5. Nb5 d6 6. N1a3 a6 7. Nc3 b5 8. Nd5 Nge7 9. Nxe7 Bxe7 10. c4 b4 11. Nc2 O-O 12. Be2 Be6 13. O-O a5 14. b3 Rc8 15. a3 Qb6 16. axb4 axb4 17.
Ra4 Ra8 18. Be3 Qb7 19. Rxa8 Rxa8 20. Qb1 f5 21. exf5 Bxf5 22. Qb2 Bf6 23. h3 h6 24. Rd1 e4 25. Nd4 Ne5 26. Nxf5 Nf3+ 27. Bxf3 Bxb2 28. Nxd6 Qe7 29. Bxe4 Ra1 30. Rxa1 Bxa1 31.
f3 Qxd6 32. c5 Qd1+ 33. Kf2 Bd4 34. c6 Qd2+ 35. Kg3 Qxe3 36. c7 Be5+ 0-1

[Event "*** SCC Grand Prix: Titled Tuesday Blitz"]
[Site "Chess.com"]
[Date "2020.08.25"]
[Round "4"]
[White "salomez"]
[Black "Diego_FloresQ"]
[Result "1-0"]
[WhiteElo "2226"]
[BlackElo "2402"]
[TimeControl "180+1"]
[EndTime "10:39:25 PDT"]
[Termination "salomez won by resignation"]

1. e4 c5 2. Nf3 e6 3. d4 cxd4 4.
Nxd4 Nf6 5. Nc3 d6 6. Bd3 Nc6 7. Be3 Be7 8. Qe2 O-O 9. O-O-O a6 10. Rhg1 Bd7 11. g4 b5 12. g5 Ne8 13. Qh5 g6 14. Qh6 b4 15. Nce2 Ng7 16. Rg3 Nxd4 17. Nxd4 e5 18.
Nf5 Nh5 19. Rh3 Bxf5 20. exf5 Qd7 21. Rxh5 gxh5 22. f6 1-0

[Event "*** SCC Grand Prix: Titled Tuesday Blitz"]
[Site "Chess.com"]
[Date "2020.08.25"]
[Round "4"]
[White "PlotnikovPavel"]
[Black "Paladin61"]
[Result "0-1"]
[WhiteElo "2469"]
[BlackElo "2677"]
[TimeControl "180+1"]
[EndTime "10:39:27 PDT"]
[Termination "Paladin61 won on time"]

1. e4 c5 2. c3 d5 3. exd5 Qxd5 4. d4 Nc6 5. Nf3 Bf5 6. Be2 cxd4 7.
cxd4 Bxb1 8. Rxb1 e6 9. O-O Nf6 10.
Qa4 Bd6 11. Bc4 Qa5 12. Qd1 O-O 13. a3 Qh5 14. h3 Rfd8 15. Qe2 Nd5 16. Rd1 Rac8 17.
b4 Nc3 18. Qd3 Nxd1 19. Qxd1 Nxd4 20. Be2 Bh2+ 0-1

[Event "*** SCC Grand Prix: Titled Tuesday Blitz"]
[Site "Chess.com"]
[Date "2020.08.25"]
[Round "4"]
[White "SahajGrover"]
[Black "rdclayton"]
[Result "1-0"]
[WhiteElo "2653"]
[BlackElo "2339"]
[TimeControl "180+1"]
[EndTime "10:39:27 PDT"]
[Termination "SahajGrover won by resignation"]

1. Nf3 d5 2. g3 Nf6 3. Bg2 c6 4. O-O Bg4 5. b3 Nbd7 6. Bb2 e6 7. c4 Bd6 8. d3 O-O 9. Nbd2 h6 10. h3 Bf5 11. e4 dxe4 12. dxe4 Bxe4 13. Nxe4 Nxe4 14. Nh2 Ndf6 15. Ng4 Be7 16. Bxe4 Nxe4 17. Nxh6+ gxh6 18. Qg4+ Ng5 19. h4 f5 20. Qh5 Qe8 21.
Qxh6 Nf3+ 22. Kg2 e5 23. Kxf3 Rf6 24. Qe3 f4 25. gxf4 Rxf4+ 26. Ke2 Bf6 27. Rg1+ Kf7 28.
Rad1 Qe6 29. Qd3 Rh8 30. Qg6+ Ke7 31. Ba3+ 1-0

[Event "*** SCC Grand Prix: Titled Tuesday Blitz"]
[Site "Chess.com"]
[Date "2020.08.25"]
[Round "4"]
[White "davidkalashian"]
[Black "nrvisakh"]
[Result "0-1"]
[WhiteElo "2617"]
[BlackElo "2809"]
[TimeControl "180+1"]
[EndTime "10:39:29 PDT"]
[Termination "nrvisakh won by resignation"]

1. d4 Nf6 2. c4 g6 3. Nc3 d5 4. Bf4 Bg7 5. e3 O-O 6. Rc1 c6 7. Nf3 Bg4 8. Qb3 Bxf3 9. gxf3 b6 10. Be5 e6 11. cxd5 Nxd5 12. Bxg7 Kxg7 13. Nxd5 cxd5 14. f4 Nd7 15. Ba6 Nf6 16. h4 b5 17. Qxb5 Rb8 18. Qe2 Qa5+ 19. Kf1 Qxa2 20. b4 Qxe2+ 21. Kxe2 Rxb4 22. Rb1 Rfb8 23. Rxb4 Rxb4 24.
Bd3 Rb2+ 25. Kf3 h5 26. Kg3 Ng4 27. Rf1 a5 28. e4 Rb3 29. Rd1 dxe4 0-1

[Event "*** SCC Grand Prix: Titled Tuesday Blitz"]
[Site "Chess.com"]
[Date "2020.08.25"]
[Round "4"]
[White "Spalir"]
[Black "Roza_Idrisova"]
[Result "1-0"]
[WhiteElo "2579"]
[BlackElo "2201"]
[TimeControl "180+1"]
[EndTime "10:39:29 PDT"]
[Termination "Spalir won by resignation"]

1. d4 d5 2. Nf3 c6 3. c4 Nf6 4.
Nc3 a6 5. Bf4 b5 6. cxd5 cxd5 7.
e3 e6 8. a4 b4 9. Nb1 Bd6 10.
Bg5 Bb7 11. Bd3 Nbd7 12. Nbd2 Qb6 13. a5 Qa7 14. Qa4 O-O 15. O-O Rac8 16. Rfc1 h6 17. Bh4 Qa8 18. Bxf6 Nxf6 19. Ne5 Bxe5 20. dxe5 Ng4 21.
Nf3 Qb8 22. Qxb4 h5 23. h3 Nh6 24. Qh4 g6 25. Qf6 Nf5 26. Bxf5 exf5 27. e6 Kh7 28.
Ng5+ Kh6 29. Nxf7+ Kh7 30. e7 Rfe8 31. Ng5+ Kh6 32.
Ne6 Rg8 33. Nd8 Rc7 34. Qf8+ Kh7 35. Qxg8+ 1-0

[Event "*** SCC Grand Prix: Titled Tuesday Blitz"]
[Site "Chess.com"]
[Date "2020.08.25"]
[Round "4"]
[White "VladaSviridova"]
[Black "Evandro_Barbosa"]
[Result "0-1"]
[WhiteElo "2299"]
[BlackElo "2555"]
[TimeControl "180+1"]
[EndTime "10:39:30 PDT"]
[Termination "Evandro_Barbosa won by resignation"]

1. d4 Nf6 2. c4 c5 3. d5 e6 4. Nc3 exd5 5. cxd5 d6 6. e4 g6 7. Bd3 a6 8. a4 Bg7 9. h3 Nbd7 10. Nf3 Nh5 11. O-O Ne5 12. Be2 Nxf3+ 13. Bxf3 Qh4 14. Bg4 Bxg4 15. Qxg4 Qxg4 16. hxg4 Nf6 17.
g5 Nd7 18. f4 O-O 19. g4 Rfe8 20.
Re1 c4 21. Kg2 Nc5 22. Bd2 Nd3 23. Re2 Nxb2 24. Rb1 Nd3 25. Rxb7 Bxc3 26. Bxc3 Nxf4+ 27. Kf3 Nxe2 28. Kxe2 Rxe4+ 29. Kf3 Rae8 30. Bf6 Re3+ 31. Kf2 Rd3 32. Rc7 Rxd5 33. Rxc4 Rc5 34. Rb4 a5 35.
Rb6 Rc4 36. Rxd6 Rxg4 37. Ra6 Rxa4 38. Bc3 Ra2+ 39. Kf1 a4 40. Bf6 Rb8 41. Bc3 Rb1+ 42. Be1 Raa1 43. Ra8+ Kg7 44. Re8 Rxe1+ 0-1

[Event "*** SCC Grand Prix: Titled Tuesday Blitz"]
[Site "Chess.com"]
[Date "2020.08.25"]
[Round "4"]
[White "rududuyk"]
[Black "Fandorine"]
[Result "0-1"]
[WhiteElo "2157"]
[BlackElo "2912"]
[TimeControl "180+1"]
[EndTime "10:39:31 PDT"]
[Termination "Fandorine won on time"]

1. e4 c5 2. Nc3 d6 3. f4 Nc6 4. Nf3 g6 5. Bc4 Bg7 6. O-O e6 7. d3 Nge7 8. Qe1 O-O 9. f5 d5 10. f6 Bxf6 11. Bb3 c4 12. dxc4 d4 13. Ne2 e5 14. c3 Bg7 15. Qh4 d3 16. Ng3 f6 17.
c5+ Kh8 18. Bh6 Na5 19. Rad1 Nxb3 20. axb3 Be6 21. Bxg7+ Kxg7 22. c4 Nc6 23. Rd2 a5 24. Rfd1 Qe7 25. Rxd3 Qxc5+ 26. Kh1 Rad8 27. Rxd8 Rxd8 28. Rxd8 Nxd8 29. Ne2 Qe3 30. Qe1 Qxe4 0-1

[Event "*** SCC Grand Prix: Titled Tuesday Blitz"]
[Site "Chess.com"]
[Date "2020.08.25"]
[Round "4"]
[White "AnonymousIM2023"]
[Black "Grandmaster2B"]
[Result "1-0"]
[WhiteElo "2603"]
[BlackElo "2419"]
[TimeControl "180+1"]
[EndTime "10:39:34 PDT"]
[Termination "AnonymousIM2023 won by resignation"]

1. d4 Nf6 2. Nf3 e6 3. e3 c5 4. Bd3 b6 5. O-O Bb7 6. c4 d5 7. cxd5 Nxd5 8. Bb5+ Bc6 9. Qa4 Qd7 10. Bxc6 Nxc6 11.
Rd1 cxd4 12. Nxd4 Nxd4 13. Qxd4 Nf6 14. Qxd7+ Nxd7 15. Nc3 a6 16. e4 b5 17. Be3 Bb4 18.
Rac1 Ke7 19. a3 Ba5 20. b4 Bd8 21. Ne2 e5 22. Nc3 Nf6 23. Bg5 Ke6 24. Bxf6 Bxf6 25. Nd5 Rhc8 26. Nc7+ Rxc7 27. Rxc7 a5 28. Rcd7 Be7 29.
Rb7 f6 30. Rdd7 Bd6 31. bxa5 Rxa5 32. Rd8 Rxa3 33. Re8+ 1-0

[Event "*** SCC Grand Prix: Titled Tuesday Blitz"]
[Site "Chess.com"]
[Date "2020.08.25"]
[Round "4"]
[White "kobemagic"]
[Black "CzechmVIII"]
[Result "1-0"]
[WhiteElo "2405"]
[BlackElo "2162"]
[TimeControl "180+1"]
[EndTime "10:39:39 PDT"]
[Termination "kobemagic won on time"]

1. c4 Nf6 2. g3 e5 3. Bg2 d5 4.
cxd5 Nxd5 5. Nf3 Nc6 6. O-O Nb6 7.
b3 Bd6 8. Bb2 O-O 9. d3 Re8 10.
Nbd2 a5 11. Nc4 Nxc4 12. bxc4 a4 13. a3 f6 14. Qc2 Be6 15. Nd2 Ra7 16. Rab1 Nd4 17.
Bxd4 exd4 18. Rxb7 Rxb7 19. Bxb7 Bxa3 20. Qxa4 Bd6 21. Bc6 Re7 22. Ne4 Bh3 23. Ra1 f5 24. Bd5+ Kf8 25. Ng5 Rxe2 26. Ne6+ Rxe6 27. Bxe6 g6 28.
Qa8 Qxa8 29. Rxa8+ Kg7 30. f3 h5 31. Rc8 h4 32. c5 Be5 33. f4 Bf6 34. Rxc7+ Kh6 35.
Rf7 Bd8 36. c6 hxg3 37. hxg3 1-0

[Event "*** SCC Grand Prix: Titled Tuesday Blitz"]
[Site "Chess.com"]
[Date "2020.08.25"]
[Round "4"]
[White "Haykoooo0o"]
[Black "korkmaz16"]
[Result "1-0"]
[WhiteElo "2521"]
[BlackElo "2299"]
[TimeControl "180+1"]
[EndTime "10:39:40 PDT"]
[Termination "Haykoooo0o won by resignation"]

1. d4 d5 2. Nf3 Nf6 3. e3 c5 4. Bd3 Nc6 5. c3 Bg4 6. Nbd2 e6 7. Qa4 Bd6 8. Ne5 c4 9. Nxc6 bxc6 10. Qxc6+ Qd7 11. Qxd7+ Kxd7 12. Bc2 Rab8 13. e4 Bf4 14. e5 Bxd2+ 15. Kxd2 Ne4+ 16. Ke3 Bf5 17. f3 Nd6 18. Ba4+ Nb5 19. h4 h5 20. b3 Rhc8 21.
Bxb5+ Rxb5 22. b4 f6 23. a4 Rbb8 24. a5 a6 25. Ba3 Kc6 26. Rhg1 Kb5 27. Bb2 fxe5 28.
dxe5 d4+ 29. Kxd4 Rd8+ 30. Ke3 Rd3+ 31. Ke2 Rbd8 32. Rad1 R8d5 33. Rxd3 cxd3+ 34. Kd2 Rxe5 35. c4+ Kxc4 36. Bxe5 Kd5 37. Bxg7 1-0

[Event "*** SCC Grand Prix: Titled Tuesday Blitz"]
[Site "Chess.com"]
[Date "2020.08.25"]
[Round "4"]
[White "pastouche06"]
[Black "Quiet_Desperation"]
[Result "1-0"]
[WhiteElo "2514"]
[BlackElo "2292"]
[TimeControl "180+1"]
[EndTime "10:39:40 PDT"]
[Termination "pastouche06 won by resignation"]

1. d4 d5 2. c4 c6 3. Nf3 Nf6 4. Qc2 dxc4 5. e4 g6 6. Bxc4 Bg7 7. O-O O-O 8. h3 Nbd7 9. Rd1 b5 10. Bf1 Bb7 11.
Nbd2 a6 12. e5 Nd5 13. Ne4 Rc8 14. a3 Qb6 15. b4 a5 16. Rb1 axb4 17. axb4 h6 18.
e6 fxe6 19. Nc5 Nxc5 20. dxc5 Qd8 21. Qxg6 Rf6 22. Qg4 Qf8 23. Re1 e5 24. Nxe5 Rxf2 25. Bxh6 Rf4 26. Bxf4 Nxf4 27. Ng6 Nxg6 28. Qxg6 Rd8 29.
Bd3 Rxd3 30. Qxd3 Qf4 31. Qe4 Bd4+ 32. Kh1 1-0

[Event "*** SCC Grand Prix: Titled Tuesday Blitz"]
[Site "Chess.com"]
[Date "2020.08.25"]
[Round "4"]
[White "Bulldog167"]
[Black "Miss_JJ20"]
[Result "1-0"]
[WhiteElo "2684"]
[BlackElo "2416"]
[TimeControl "180+1"]
[EndTime "10:39:43 PDT"]
[Termination "Bulldog167 won by resignation"]

1. e4 e6 2. d4 d5 3. Nd2 Nf6 4. e5 Nfd7 5. c3 c5 6. f4 Nc6 7. Ngf3 Qb6 8. Nb3 Be7 9. Be2 a5 10.
a4 f6 11. exf6 Bxf6 12. O-O O-O 13. Kh1 cxd4 14. cxd4 Qd8 15. Be3 b6 16. Ne5 Bb7 17.
Bd3 g6 18. Qg4 Qe7 19. Rac1 Rac8 20. Nd2 Nb4 21. Bb5 Nxe5 22. fxe5 Bg7 23. Bg5 Rxc1 24. Bxe7 Rfxf1+ 25. Nxf1 Ba6 26. Qxe6+ Kh8 27. Bf6 Bxb5 28. Bxg7+ Kxg7 29. Qf6+ Kg8 30. axb5 Nd3 31. e6 1-0

[Event "*** SCC Grand Prix: Titled Tuesday Blitz"]
[Site "Chess.com"]
[Date "2020.08.25"]
[Round "4"]
[White "ViktoriyaTarasova"]
[Black "teacher4chess"]
[Result "0-1"]
[WhiteElo "2214"]
[BlackElo "2039"]
[TimeControl "180+1"]
[EndTime "10:39:43 PDT"]
[Termination "teacher4chess won by resignation"]

1. d4 e6 2. c4 Nf6 3. Nc3 b6 4. e4 Bb7 5. f3 Bb4 6. Bd3 Bxc3+ 7. bxc3 d5 8. cxd5 exd5 9. e5 Nfd7 10. Ne2 c5 11. O-O Nc6 12. f4 cxd4 13. cxd4 Nb4 14. Bb1 Rc8 15. a3 Nc6 16. f5 Ba6 17. e6 Nf6 18. Re1 O-O 19. exf7+ Rxf7 20. Nf4 Qd6 21. Ne6 Ne4 22. Bf4 Qe7 23. Bxe4 dxe4 24. Qg4 Bd3 25.
d5 Na5 26. Be5 Nc4 27. Bd4 Nd6 28. f6 Qd7 29. Nxg7 Qxg4 0-1